 Dungeon Crawl Stone Soup version 0.28.0-47-ge53b351184 (webtiles) character file.

Game seed: 10129797982299119743

130 101zpm the Magician (level 4, -6/40 HPs)
             Began as a Troll Hedge Wizard on Apr 28, 2022.
             Mangled by Pikel
             ... wielding a +1 whip of electrocution
              (11 damage)
             ... on level 4 of the Dungeon.
             The game lasted 00:04:36 (2639 turns).

101zpm the Magician (Troll Hedge Wizard)            Turns: 2639, Time: 00:04:37

Health: -6/40      AC:  4    Str: 18    XL:     4   Next: 89%
Magic:  7/7        EV: 10    Int: 12    God:
Gold:   118        SH:  0    Dex:  9    Spells: 7/8 levels left

rFire   . . .      SeeInvis .   d - +4 short sword
rCold   . . .      Faith    .   (no shield)
rNeg    . . .      Spirit   .   b - +0 robe
rPois   .          Reflect  .   c - +0 hat
rElec   .          Harm     .   (no cloak)
rCorr   .          Rampage  .   (gloves unavailable)
Will    .....                   (boots unavailable)
Stlth   +.........              (no amulet)
HPRegen 0.93/turn               e - ring of flight
MPRegen 0.10/turn               (no ring)

@: flying
A: large, unfitting armour, claws 3, regeneration 1, shaggy fur 1, tough skin 1
a: no special abilities


You were on level 4 of the Dungeon.
You visited 1 branch of the dungeon, and saw 4 of its levels.

You collected 118 gold pieces.

Inventory:

Hand Weapons
 d - a +4 short sword (weapon)
Armour
 b - a +0 robe (worn)
 c - a +0 hat (worn)
 m - a +2 pair of gloves
Jewellery
 e - a ring of flight (left claw)
Scrolls
 g - 3 scrolls of identify {unknown}
 j - a scroll of vulnerability {unknown}
 n - a scroll of silence {unknown}
 o - a scroll of fog {unknown}
Potions
 a - a potion of curing {unknown}
 f - 2 potions of might {unknown}
 h - a potion of degeneration {unknown}
 i - a potion of cancellation {unknown}
 k - a potion of invisibility {unknown}
 l - a potion of brilliance {unknown}
 p - a potion of lignification {unknown}


   Skills:
 + Level 0.4 Fighting
 + Level 1.7 Short Blades
 + Level 2.0 Dodging
 + Level 1.1 Stealth
 + Level 2.7 Spellcasting
 + Level 1.2 Conjurations
 + Level 0.6 Summonings
 + Level 0.6 Translocations


You had 7 spell levels left.
You knew the following spells:

 Your Spells              Type           Power      Damage    Failure   Level
a - Magic Dart            Conj           16%        1d3       16%         1

Your spell library contained the following spells:

 Spells                   Type           Power      Damage    Failure   Level
 Slow                     Hex            4%         N/A       26%         1
 Blink                    Tloc           6%         N/A       30%         2
 Call Imp                 Summ           3%         N/A       30%         2
 Conjure Flame            Conj/Fire      3%         6-21      52%         3
 Mephitic Cloud           Conj/Pois/Air  2%         N/A       54%         3


Dungeon Overview and Level Annotations

Branches:
Dungeon (4/15)
 Temple: D:4-7

Altars:
Makhleb
Okawaru
Yredelemnul

Shops:
D:1 *(   D:4 *

Annotations:
D:4 Ijyb, Pikel


Innate Abilities, Weirdness & Mutations

You are too large for most types of armour.
You have claws for hands.
Your natural rate of healing is unusually fast.
You are covered in fur. (AC +1)
You have tough skin. (AC +1)


Message History

You puncture Pikel!
Pikel is severely wounded.
Pikel barely misses you.
You miss Pikel.
Pikel is severely wounded.
Pikel hits you with a +1 whip of electrocution.
You barely miss Pikel.
Pikel is severely wounded.
Pikel closely misses you.
You closely miss Pikel.
Pikel is severely wounded.
Pikel hits you with a +1 whip of electrocution!
You are electrocuted!
* * * LOW HITPOINT WARNING * * *
You closely miss Pikel.
Pikel is severely wounded.
Pikel completely misses you. Ijyb screams, "I dance on your bones!"
You closely miss Pikel.
Pikel is severely wounded.
Pikel closely misses you.
You hit Pikel but do no damage.
Pikel is severely wounded.
Pikel hits you with a +1 whip of electrocution!
* * * LOW HITPOINT WARNING * * *
You hit Pikel but do no damage.
Pikel is heavily wounded.
Pikel hits you but does no damage.
The lemure shouts!
You hit Pikel but do no damage.
Pikel is heavily wounded.
Pikel closely misses you.
You hit Pikel.
Pikel is severely wounded.
Pikel hits you with a +1 whip of electrocution.
* * * LOW HITPOINT WARNING * * *
You barely miss Pikel.
Pikel is severely wounded.
Pikel hits you with a +1 whip of electrocution!
You die...

.........5.#.##...#
...........#.#...#..
###########............#
#.........#......#...#.#
#.........#5..[..##.## .
#......5..'g..........
#.....55g.#............
###..##K###............#
#..##@# #####+#......#
#.....# ..... #.....#
... ♣♣###.....#
♣♣.........#
♣♣P.........#
♣.P.........#
♣.♣....#######
♣♣♣##......##########


You could see Pikel, 3 lemures and Ijyb.

Vanquished Creatures
  A hound skeleton (D:4)
  4 gnolls
  2 adders
  A worm (D:2)
  2 dart slugs
  An orc (D:4)
  5 endoplasms
  3 giant cockroaches
  3 goblins
  4 hobgoblins
  7 jackals
  4 kobolds
  2 quokkas (D:1)
  6 ball pythons
  A bat (D:1)
  4 frilled lizards
  2 rats
52 creatures vanquished.

Vanquished Creatures (others)
  4 plants (D:1)
  4 toadstools (D:1)
8 creatures vanquished.

Grand Total: 60 creatures vanquished

Notes
Turn   | Place    | Note
-------+----------+-------------------------------------------
     0 | D:1      | 101zpm the Troll Hedge Wizard began the quest for the Orb.
     0 | D:1      | Reached XP level 1. HP: 16/16 MP: 2/2
   148 | D:1      | Reached XP level 2. HP: 24/24 MP: 0/4
   342 | D:1      | Found Nulaque's Assorted Antiques.
   406 | D:1      | Found a faded altar of an unknown god.
   504 | D:1      | Found Xedova's Weapon Shop.
   541 | D:1      | Reached XP level 3. HP: 7/31 MP: 1/5
  1045 | D:3      | Found a burning altar of Makhleb.
  1082 | D:3      | Found a basalt altar of Yredelemnul.
  1337 | D:4      | Found Dadyod's CLEARANCE SALE!.
  1387 | D:4      | Reached skill level 1 in Short Blades
  1393 | D:4      | Reached skill level 1 in Conjurations
  1393 | D:4      | Reached XP level 4. HP: 29/39 MP: 7/7
  1689 | D:2      | Identified the +1 leather armour of Demons {rElec rF-
                  | Will++ Regen+}
  2552 | D:4      | Found an iron altar of Okawaru.
  2559 | D:4      | Identified the +11 mace of Action {antimagic, Fragile rElec
                  | Str+3 Stlth+}
  2605 | D:4      | Noticed Pikel
  2607 | D:4      | Noticed a lemure
  2607 | D:4      | Noticed Ijyb
  2607 | D:4      | Noticed a lemure
  2607 | D:4      | Noticed a lemure
  2608 | D:4      | Noticed a lemure
  2639 | D:4      | Mangled by Pikel

Illustrated notes

Levels and vault maps discovered:
D:1:      ldierk_water_garden, layout_basic, serial_shops, shop,
          nicolae_shop_behind_doors, shapermc_ecumenical_altar_gd,
          serial_bayou_pond_e, corner_web_ring, chequers_big_river,
          minmay_misc_feat_secret_circle, nicolae_grassy_gnolls
D:2:      layout_basic
D:3:      layout_loops_ring, mainiacjoe_overflow_two_lobes,
          kennysheep_generic_room_12
D:4:      layout_gridville, okawaru_ov_weapons_minmay,
          mainiacjoe_overflow_paths, hangedman_decor_clover_reticule,
          nicolae_shop_clearance, uniq_pikel, uniq_ijyb, uniq_crazy_yiuf_cottage

Skill      XL: |  1  2  3  4 |
---------------+-------------+-----
Short Blades   | 1 |  1.7
Conjurations   | 1 |  1.2
Dodging        | 2 |  2.0
Fighting       | |  0.4
Stealth        | |  1.1
Spellcasting   | |  2.7
Summonings     | |  0.6
Translocations | |  0.6

Action                   |  1- 3 |  4- 6 || total
-------------------------+-------+-------++-------
Melee: Short sword       |   100 |    54 ||   154
       Punch             |     3 |       ||     3
 Cast: Magic Dart        |    18 |     4 ||    22
 Stab: Sleeping          |     2 |       ||     2
Armor: Robe              |    27 |     8 ||    35
Dodge: Dodged            |    47 |    27 ||    74
